 Dungeon Crawl Stone Soup version 0.31-a0-672-g7da72447bb (webtiles) character file.

Game seed: 14502421739728815322

287 Man1s the Caller (level 6, -4/32 HPs)
             Began as a Tengu Summoner on Sept 4, 2023.
             Slain by a bullfrog (5 damage)
             ... in a sewer.
             The game lasted 00:18:06 (3030 turns).

Man1s the Caller (Tengu Summoner)                   Turns: 3030, Time: 00:18:06

Health: -4/32      AC:  2    Str:  8    XL:     6   Next: 30%
Magic:  9/13       EV: 27    Int: 17    God:
Gold:   26         SH:  0    Dex: 15    Spells: 0/13 levels left

rFire   . . .        (no weapon)
rCold   . . .        (no shield)
rNeg    . . .        a - +0 robe
rPois   .            (helmet restricted)
rElec   .            (no cloak)
rCorr   .            (no gloves)
SInv    .            (boots unavailable)
Will    .....        (no amulet)
Stlth   ++           (no ring)
HPRegen 0.25/turn    (no ring)
MPRegen 0.13/turn

%: acrobat
@: acrobatic
A: beak, talons 3, acrobatic
a: no special abilities


You were in a sewer.
You visited 1 branch of the dungeon, and saw 3 of its levels.
You also visited: Sewer.

You collected 114 gold pieces.
You spent 88 gold pieces at shops.

Inventory:

Missiles
 c - 2 atropa-tipped darts
 d - 36 stones
 i - 6 poisoned darts
Armour
 a - a +0 robe (worn)
Scrolls
 k - 2 scrolls of identify
Potions
 e - a potion of degeneration {unknown}
 f - a potion of haste {unknown}
 g - 3 potions of curing {unknown}
 h - a potion of enlightenment {unknown}


   Skills:
 + Level 2.6 Dodging
 - Level 2.0 Stealth
 + Level 4.3 Spellcasting
 * Level 0.3 Hexes
 + Level 6.6 Summonings
 * Level 1.0 Air Magic


You couldn't memorise any spells.
You knew the following spells:

 Your Spells              Type           Power      Damage    Failure   Level
a - Summon Small Mammal   Summ           100%       N/A       1%          1
b - Call Imp              Summ           52%        N/A       1%          2
c - Call Canine Familiar  Summ           26%        N/A       3%          3
d - Summon Guardian Gole  Hex/Summ       15%        N/A       11%         3
e - Summon Lightning Spi  Summ/Air       16%        N/A       30%         4

Your spell library contained the following spells:

 Spells                   Type           Power      Damage    Failure   Level
 Magic Dart               Conj           12%        1d3       16%         1
 Mephitic Cloud           Conj/Pois/Air  4%         N/A       36%         3


Dungeon Overview and Level Annotations

Branches:
Dungeon (3/15)              Sewer (1/1)

Altars:

Shops:
D:2 ?

Annotations:
D:2 1 runed translucent door, Crazy Yiuf


Innate Abilities, Weirdness & Mutations

You have a beak for a mouth.
You have claws for feet.
You can magically evade attacks while moving or waiting.


Message History

The bullfrog snags a nearby small bird with its tongue.
The bullfrog barely misses your bat.
Your hound bites the bullfrog.
Cornered, the bullfrog turns to fight!
You barely miss the bullfrog.
The bullfrog is heavily wounded.
Your bat hits the bullfrog. The bullfrog barely misses your bat.
The bullfrog closely misses your hound.
Your hound barely misses the bullfrog.
The bullfrog hits your bat.
Your bat dies!
Your bat's corpse disappears in a puff of smoke!
The bullfrog croaks.
Casting: Summon Small Mammal (safe; 1% risk of failure)
Confirm with . or Enter, or press ? or * to list all spells.
A tiny devil pulls itself out of the air.
The bullfrog barely misses your hound.
Your hound bites the bullfrog.
The giant cockroach barely misses your hound.
The bullfrog hits you.
* * * LOW HITPOINT WARNING * * *
The bullfrog hits your hound.
Your hound closely misses the bullfrog.
You enter the shallow water.
Moving in this stuff is going to be slow.
The bullfrog hits your cerulean imp. The giant cockroach bites your hound.
Your hound barely misses the bullfrog.
The bullfrog closely misses your cerulean imp.
Your cerulean imp hits the bullfrog with a -2 spear.
Your hound disappears in a puff of smoke!
The bullfrog hits your cerulean imp. x2
Your cerulean imp hits the bullfrog with a -2 spear.
The bullfrog hits your cerulean imp. The bullfrog hits your cerulean imp!
Your cerulean imp dies!
Your cerulean imp disappears in a puff of smoke!
The bullfrog gives a loud, deep croak!
Casting: Call Imp (safe; 1% risk of failure)
Confirm with . or Enter, or press ? or * to list all spells.
The frilled lizard hisses.
The bullfrog hits you.
* * * LOW HITPOINT WARNING * * *
The bullfrog misses you. The bullfrog closely misses you.
The bullfrog hits you.
You die...

############# #####.~~~~~~~~~~#
#.∩..~~~~~~~~..~#
#†...~#########~~~#
#∩~~####~†~~~~.~~~~####
#####~~~~#####.~~~~#.~##
##~~~†~~~#~@F#######.~~####
##~~~~~####~hFl~...#~~.~~~~##
##~~~~###~~~~~..B..~##~.#~~~~#
#~..~##.~~†~#######.~#~~##~~.~
##~~~##~.~~###≈≈~~.#..##~~##~~~
#~~~.#~~.~##≈≈~~~~~.h~~#~~~#~~.
#~~~##~~~## ≈.~~.~~..~~#~~~##~~
#~~~#.~..# ~~~~.~$~~~.#.~~~#~~
#.~†#~~.~# ~.~~.?[[.~~#~.~~#~~


You could see 2 bullfrogs, a giant cockroach, a frilled lizard and a friendly
hound (summoned).

Vanquished Creatures
  A giant cockroach (Sewer)
  2 quokkas (D:2)
  2 ball pythons
  A rat (D:1)
6 creatures vanquished.

Vanquished Creatures (collateral kills)
  Jessica (D:2)
  Terence (D:2)
  Natasha (thrice) (D:2)
  8 adders
  A river rat (D:3)
  2 worms (D:3)
  2 dart slugs
  An orc (D:2)
  6 ball pythons
  3 bats
  9 endoplasms
  8 giant cockroaches
  2 goblins
  3 hobgoblins
  2 jackals (D:2)
  5 kobolds
  2 quokkas
  7 frilled lizards
  6 rats
72 creatures vanquished.

Grand Total: 78 creatures vanquished

Notes
Turn   | Place    | Note
-------+----------+-------------------------------------------
     0 | D:1      | Man1s the Tengu Summoner began the quest for the Orb.
     0 | D:1      | Reached XP level 1. HP: 10/10 MP: 4/4
    15 | D:1      | Reached skill level 5 in Summonings
   109 | D:1      | Reached XP level 2. HP: 15/15 MP: 4/6
   112 | D:1      | Learned a level 2 spell: Call Imp
  1018 | D:2      | Reached XP level 3. HP: 19/19 MP: 5/7
  1022 | D:2      | Learned a level 3 spell: Call Canine Familiar
  1081 | D:2      | Noticed Natasha
  1088 | D:2      | Killed Natasha
  1198 | D:2      | Found a runed translucent door.
  1199 | D:2      | Noticed Crazy Yiuf
  1288 | D:2      | Noticed Natasha
  1301 | D:2      | Killed Natasha
  1302 | D:2      | Reached XP level 4. HP: 24/24 MP: 1/9
  1417 | D:2      | Noticed Jessica
  1433 | D:2      | Killed Jessica
  1572 | D:2      | Noticed Terence
  1625 | D:2      | Reached skill level 6 in Summonings
  1625 | D:2      | Reached XP level 5. HP: 28/28 MP: 5/11
  1677 | D:2      | Killed Terence
  1951 | D:2      | Noticed Natasha
  1960 | D:2      | Killed Natasha
  2106 | D:2      | Found Poirchish's Magic Scroll Boutique.
  2109 | D:2      | Bought a scroll of fear for 44 gold pieces
  2109 | D:2      | Bought a scroll of identify for 22 gold pieces
  2109 | D:2      | Bought a scroll of identify for 22 gold pieces
  2722 | D:3      | Reached XP level 6. HP: 32/32 MP: 10/13
  2732 | D:3      | Learned a level 3 spell: Summon Guardian Golem
  2737 | D:3      | Learned a level 4 spell: Summon Lightning Spire
  2746 | D:3      | Found a glowing drain.
  2761 | Sewer    | Entered a sewer
  3016 | Sewer    | Reached skill level 1 in Air Magic
  3029 | Sewer    | HP: 1/32 [bullfrog (5)]
  3030 | Sewer    | Slain by a bullfrog

Illustrated notes

Levels and vault maps discovered:
D:1:      spicycebolla_arrival_ecumenical, layout_loops_ring
D:2:      layout_basic, serial_shops, nicolae_shop_behind_doors, uniq_jessica,
          uniq_terence, uniq_natasha, uniq_crazy_yiuf_cottage
D:3:      layout_basic, xom_butterflies, nicolae_hepliaklqana_monster_ancestors,
          serial_shops, shop, portal_sewer_entry_e, uniq_grinder
Sewer:    sewer_frog_island_02

Skill      XL: |  1  2  3  4  5  6 |
---------------+-------------------+-----
Summonings     | 5 6 |  6.6
Spellcasting   | 3 4 |  4.3
Air Magic      | 1 |  1.0
Dodging        | |  2.6
Stealth        | |  2.0
Hexes          | |  0.3

Action                     |  1- 3 |  4- 6 || total
---------------------------+-------+-------++-------
  Melee: Unarmed           |     2 |    17 ||    19
         Peck              |     2 |     1 ||     3
         Kick              |     1 |     3 ||     4
   Cast: Summon Small Mamm |    42 |    31 ||    73
         Call Imp          |     3 |    19 ||    22
         Call Canine Famil |     4 |    17 ||    21
    Use: Scroll            |     1 |     2 ||     3
         Potion            |       |     1 ||     1
   Stab: Distracted        |       |     1 ||     1
 Armour: Robe              |     3 |    23 ||    26
  Dodge: Dodged            |    26 |    53 ||    79

Table legend: (Time is in decaauts)
 A = Elapsed time spent in this place.
 B = Non-inter-level travel time spent in this place.
 C = Inter-level travel time spent in this place.
 D = Time resting spent in this place.
 E = Time spent auto-exploring this place.
 F = Levels seen in this place.
 G = Mean time per level.
                   A        B        C        D        E       F      G
               +--------+--------+--------+--------+--------+-----+--------+
         Total |   3095 |   3052 |     43 |     20 |   1779 |   4 |  773.8 |
       Dungeon |   2763 |   2720 |     43 |     20 |   1779 |   3 |  921.0 |
         Sewer |    332 |    332 |      0 |      0 |      0 |   1 |  332.0 |
               +--------+--------+--------+--------+--------+-----+--------+

Top non-repeatable levels by time:
     D:2: 1633 daAuts
     D:1: 927 daAuts
   Sewer: 332 daAuts
     D:3: 202 daAuts
